 Dungeon Crawl Stone Soup version 0.30-a0-918-g0ff054e9dc (webtiles) character file.

Game seed: 10572805346906984351

79 BlueFish the Insei (level 4, -1/29 HPs)
             Began as an Octopode Transmuter on Mar 21, 2023.
             Slain by Ijyb
             ... wielding a +0 club
              (5 damage)
             ... on level 3 of the Dungeon.
             The game lasted 00:03:43 (1228 turns).

BlueFish the Insei (Octopode Transmuter)            Turns: 1228, Time: 00:03:44

Health: -1/29      AC:  1    Str: 11    XL:     4   Next: 37%
Magic:  6/7        EV: 13    Int: 15    God:
Gold:   77         SH:  0    Dex: 12    Spells: 6/7 levels left

rFire   . . .      SeeInvis .      - Unarmed
rCold   . . .      Faith    .    (no shield)
rNeg    . . .      Spirit   .    c - melded +2 hat
rPois   .          Reflect  .    (no amulet)
rElec   .          Rampage  .    (no ring)
rCorr   .                        (no ring)
Will    .....                    (no ring)
Stlth   +++                      (no ring)
HPRegen 0.24/turn                (no ring)
MPRegen 0.10/turn                (no ring)
                                 (no ring)
                                 (no ring)

@: appendages
A: tentacle spike 3, almost no armour, amphibious, 8 rings, camouflage 1,
gelatinous body 1, (nimble swimmer 1), tentacles
a: End Transformation


You were on level 3 of the Dungeon.
One of your tentacles had grown a beastly spike.
You visited 1 branch of the dungeon, and saw 3 of its levels.

You collected 77 gold pieces.

Inventory:

Armour
 c - a +2 hat (melded)
Scrolls
 b - 2 scrolls of enchant armour {unknown}
 e - 3 scrolls of enchant weapon {unknown}
 f - 2 scrolls of blinking {unknown}
 g - a scroll of fog {unknown}
 h - a scroll of teleportation {unknown}
 j - a scroll of identify {unknown}
 k - a scroll of brand weapon {unknown}
 l - a scroll of silence {unknown}
 m - a scroll of fear {unknown}
 n - a scroll of magic mapping {unknown}
Potions
 a - a potion of lignification
 d - a potion of curing
 i - a potion of attraction {unknown}


   Skills:
 + Level 1.7 Fighting
 + Level 2.4 Dodging
 * Level 2.6 Stealth
 + Level 3.3 Unarmed Combat
 + Level 2.4 Spellcasting
 + Level 2.4 Transmutations


You had 6 spell levels left.
You knew the following spells:

 Your Spells              Type           Power      Damage    Failure   Level
a - Beastly Appendage     Tmut           18%        N/A       8%          1

Your spell library contained the following spells:

 Spells                   Type           Power      Damage    Failure   Level
 Wereblood                Tmut           9%         N/A       12%         2
 Spider Form              Tmut/Pois      5%         N/A       36%         3
 Ice Form                 Ice/Tmut       5%         N/A       77%         4


Dungeon Overview and Level Annotations

Branches:
Dungeon (3/15)

Altars:

Annotations:
D:3 Ijyb


Innate Abilities, Weirdness & Mutations

One of your tentacles has grown a beastly spike.
You cannot wear most types of armour.
You are amphibious.
You can wear up to eight rings at the same time.
Your skin changes colour to match your surroundings (Stealth+).
Your rubbery body absorbs attacks. (AC +1, EV +1)
((You are camouflaged when in or above water. (Stealth+)))
You have tentacles for arms and can constrict up to eight enemies at once.


Message History

The hobgoblin is almost dead.
You hear the slow rusting of a distant drain.
The hobgoblin hits you.
You tentacle-slap the hobgoblin.
You kill the hobgoblin!
d - 2 fizzy cyan potions (gained 1)
n - a scroll labelled POSUYK AREBLAI Ijyb the Twisted Goblin comes into view.
She is wielding a +0 club and carrying a wand of mindburst (17).
Ijyb shouts!
Ijyb zaps a wand.
Your mind is blasted!
Ijyb zaps a wand.
Your mind is blasted!
Ijyb zaps a wand.
Your mind is blasted!
Ouch! That really hurt!
* * * LOW HITPOINT WARNING * * *
It was a potion of curing.
You feel better.
Casting: Beastly Appendage (safe; 8% risk of failure)
Confirm with . or Enter, or press ? or * to list all spells.
One of your tentacles grows a vicious spike.
Your +2 hat melds into your body.
You barely miss Ijyb. Your grab misses Ijyb.
You pierce Ijyb.
Ijyb is lightly wounded.
You tentacle-slap Ijyb. Your grab misses Ijyb.
Your tentacle spike misses Ijyb.
Your squeeze misses Ijyb.
Ijyb is moderately wounded.
Ijyb misses you.
You tentacle-slap Ijyb. You grab Ijyb. You squeeze Ijyb.
Ijyb is moderately wounded.
You constrict Ijyb. Ijyb hits you with a +0 club.
* * * LOW HITPOINT WARNING * * *
You tentacle-slap Ijyb but do no damage.
You squeeze Ijyb.
Ijyb is severely wounded.
You constrict Ijyb. Ijyb closely misses you.
You tentacle-slap Ijyb but do no damage.
Ijyb is severely wounded.
You constrict Ijyb, but do no damage. Ijyb closely misses you.
You barely miss Ijyb.
You pierce Ijyb.
You squeeze Ijyb, but do no damage.
Ijyb is severely wounded.
You constrict Ijyb, but do no damage. Ijyb hits you with a +0 club.
You die...

#...# ##...####....
#.<..........
######...#......# #........#
.... #.##.#...#.# ##.##
#.#.(........ ...
#.#..#####.## #g# #.#..# #.#
#@# # #.#..# #.# #.# .# #.#..#
#.# #.# .# .# #.#..#
#.####.#######.# .#
##.########.#........)...#.#.#
#...........#.##.#####.....#.#
############.....## #.# .#
#....<.....# #.#####.####
#.###....#.####...........


You could see Ijyb.

Vanquished Creatures
  Natasha (D:3)
  2 adders (D:2)
  A worm (D:2)
  2 dart slugs
  2 bats
  3 endoplasms
  2 hobgoblins
  3 jackals (D:1)
  5 quokkas
  4 ball pythons
  A frilled lizard (D:1)
  A kobold (D:1)
  3 rats (D:2)
30 creatures vanquished.

Notes
Turn   | Place    | Note
-------+----------+-------------------------------------------
     0 | D:1      | BlueFish the Octopode Transmuter began the quest for the
                  | Orb.
     0 | D:1      | Reached XP level 1. HP: 13/13 MP: 3/3
   128 | D:1      | Reached skill level 1 in Stealth
   128 | D:1      | Reached XP level 2. HP: 13/18 MP: 3/5
   381 | D:1      | Found a faded altar of an unknown god.
   707 | D:2      | Reached XP level 3. HP: 22/23 MP: 6/6
  1177 | D:3      | Noticed Natasha
  1189 | D:3      | Killed Natasha
  1190 | D:3      | Reached XP level 4. HP: 29/29 MP: 7/7
  1217 | D:3      | Noticed Ijyb
  1228 | D:3      | Slain by Ijyb

Illustrated notes

Levels and vault maps discovered:
D:1:      minmay_arrival_shoal_huts, layout_rooms,
          dilly_ecumenical_altar_fadedgnrine
D:2:      layout_loops_ring, kennysheep_cluttered_room
D:3:      minmay_wonky_spiral, layout_basic, portal_sewer_entry_d, uniq_natasha,
          uniq_ijyb

Skill      XL: |  1  2  3 |
---------------+----------+-----
Stealth        | 1 2 |  2.6
Fighting       | |  1.7
Dodging        | |  2.4
Unarmed Combat | |  3.3
Spellcasting   | |  2.4
Transmutations | |  2.4

Action                     |  1- 3 |  4- 6 || total
---------------------------+-------+-------++-------
  Melee: Unarmed           |    72 |     8 ||    80
         Constrict         |    19 |     1 ||    20
         Tentacles         |    13 |     3 ||    16
         Kick              |     7 |     2 ||     9
         Punch             |     2 |       ||     2
   Cast: Beastly Appendage |     6 |     1 ||     7
    Use: Potion            |       |     1 ||     1
   Stab: Sleeping          |    11 |     1 ||    12
 Armour: Skin              |    10 |       ||    10
  Dodge: Dodged            |    45 |     3 ||    48

Table legend: (Time is in decaauts)
 A = Elapsed time spent in this place.
 B = Non-inter-level travel time spent in this place.
 C = Inter-level travel time spent in this place.
 D = Time resting spent in this place.
 E = Time spent auto-exploring this place.
 F = Levels seen in this place.
 G = Mean time per level.
                   A        B        C        D        E       F      G
               +--------+--------+--------+--------+--------+-----+--------+
         Total |   1222 |   1212 |     10 |      0 |    829 |   3 |  407.3 |
       Dungeon |   1222 |   1212 |     10 |      0 |    829 |   3 |  407.3 |
               +--------+--------+--------+--------+--------+-----+--------+

Top non-repeatable levels by time:
     D:2: 621 daAuts
     D:1: 515 daAuts
     D:3: 85 daAuts
